 Dungeon Crawl Stone Soup version 0.29-a0-517-gbdf32494f2 (webtiles) character file.

Game seed: 18197408750512244305

730 hquester the Skirmisher (level 7, 0/71 HPs)
             Began as a Troll Fighter on May 30, 2022.
             Slain by Pikel
             ... wielding a +2 whip of freezing
              (3 damage)
             ... on level 5 of the Dungeon.
             The game lasted 00:14:37 (3721 turns).

hquester the Skirmisher (Troll Fighter)             Turns: 3721, Time: 00:14:38

Health: 0/71       AC:  6    Str: 25      XL:     7   Next: 44%
Magic:  6/6        EV:  9    Int:  4      God:
Gold:   247        SH:  8    Dex: 10 (11) Spells: 6/6 levels left

rFire   . . .      SeeInvis .   a - +1 flail
rCold   . . .      Faith    .   c - +0 kite shield
rNeg    . . .      Spirit   .   m - +2 robe {Will+}
rPois   .          Reflect  .   f - +0 hat
rElec   .          Harm     .   (no cloak)
rCorr   .          Rampage  .   (gloves unavailable)
Will    +....                   (boots unavailable)
Stlth   +.........              (no amulet)
HPRegen 1.01/turn               (no ring)
MPRegen 0.10/turn               (no ring)

@: mighty, studying Shields
A: large, unfitting armour, claws 3, regeneration 1, shaggy fur 1, tough skin 1
a: no special abilities


You were on level 5 of the Dungeon.
You visited 2 branches of the dungeon, and saw 6 of its levels.
You also visited: Sewer.

You collected 247 gold pieces.

Inventory:

Hand Weapons
 a - a +1 flail (weapon)
Armour
 c - a +0 kite shield (worn)
 f - a +0 hat (worn)
 m - a +2 robe of willpower (worn)
Jewellery
 v - a ring of fire
Wands
 b - a wand of mindburst (10)
 p - a wand of paralysis (5)
 z - a wand of flame (20)
Scrolls
 g - 2 scrolls of enchant weapon
 q - a scroll of immolation
 t - a scroll of teleportation
 A - a scroll of noise
Potions
 d - 3 potions of might
 e - 2 potions of flight
 j - 3 potions of mutation
 k - a potion of ambrosia {unknown}
 l - a potion of berserk rage {unknown}
 n - 2 potions of haste
 o - a potion of lignification {unknown}
 r - 2 potions of magic
 s - a potion of brilliance {unknown}
 u - 2 potions of invisibility
 x - a potion of heal wounds {unknown}
 C - a potion of cancellation {unknown}


   Skills:
 * Level 4.9 Fighting
 + Level 3.7 Maces & Flails
 + Level 3.9 Dodging
 + Level 4.3 Shields


You had 6 spell levels left.
You didn't know any spells.
Your spell library contained the following spells:

 Spells                   Type           Power      Damage    Failure   Level
 Apportation              Tloc           0%         N/A       78%         1
 Alistair's Intoxication  Tmut/Pois      0%         N/A       100%        5


Dungeon Overview and Level Annotations

Branches:
Dungeon (5/15)             Temple (1/1) D:5           Sewer (visited)

Altars:
Ashenzari
Cheibriados
Elyvilon
Fedhas
Gozag
Hepliaklqana
Kikubaaqudgha
Makhleb
Nemelex Xobeh
Okawaru
Qazlal
Ru
Sif Muna
Vehumet
Wu Jian
Xom
Zin

Shops:
D:3 [

Annotations:
D:5 Pikel


Innate Abilities, Weirdness & Mutations

You are too large for most types of armour.
You have claws for hands.
Your natural rate of healing is unusually fast.
You are covered in fur. (AC +1)
You have tough skin. (AC +1)


Message History

A lemure comes into view.
The lemure shouts!
Pikel hits you with a +2 whip of freezing!
Pikel freezes you.
You miss Pikel.
Pikel says, "You'll make a fine lemure."
Pikel hits you with a +2 whip of freezing!
Pikel freezes you.
You closely miss Pikel. You block Pikel's attack.
You hit Pikel but do no damage. You block Pikel's attack.
Pikel hits you with a +2 whip of freezing!
* * * LOW HITPOINT WARNING * * *
Pikel freezes you.
* * * LOW HITPOINT WARNING * * *
You hit Pikel but do no damage.
Pikel hits you with a +2 whip of freezing.
* * * LOW HITPOINT WARNING * * *
Pikel freezes you.
* * * LOW HITPOINT WARNING * * *
You feel very mighty all of a sudden. You block Pikel's attack.
You thump Pikel!
Pikel is moderately wounded.
You block Pikel's attack.
You hit Pikel.
Pikel is moderately wounded.
Pikel hits you with a +2 whip of freezing!
* * * LOW HITPOINT WARNING * * *
Pikel freezes you.
* * * LOW HITPOINT WARNING * * *
You block Pikel's attack.
You barely miss Pikel.
Pikel is moderately wounded.
Pikel barely misses you.
You sock Pikel!
Pikel is heavily wounded.
Pikel hits you with a +2 whip of freezing.
* * * LOW HITPOINT WARNING * * *
Pikel freezes you.
You die...

... #.. #..##### #
#.!...# .# .
..#..##.##### .#
....'.........# .#
..5....5#.#...##.#
..K....#K#.#..#..#
###.#.#.#@#.#.#.#
......#.>.#....#
##.##.#)#.#.#...#
.. ....#.#.#....#
# #
#.#...#.#.....##.#
#.#..............#
# ##.#...##÷#.####
#.##.....#†# #
#..##.#.#


You could see Pikel and a lemure.

Vanquished Creatures
  Grinder (Sewer)
  3 lemures (D:5)
  A kobold brigand (Sewer)
  A necrophage (D:4)
  A scorpion (D:4)
  2 quasits (Sewer)
  A hound (D:5)
  2 orc priests (D:3)
  An iguana (D:4)
  Ijyb (D:3)
  An adder (D:2)
  A shadow imp (Sewer)
  4 ufetubi (Sewer)
  A worm (D:3)
  3 dart slugs
  6 orcs (D:3)
  5 ball pythons
  5 endoplasms
  3 giant cockroaches (Sewer)
  5 goblins
  9 hobgoblins
  2 jackals (D:4)
  6 quokkas
  5 bats
  A frilled lizard (D:2)
  20 kobolds
  8 rats
99 creatures vanquished.

Vanquished Creatures (others)
  A giant cockroach zombie (Sewer)
1 creature vanquished.

Grand Total: 100 creatures vanquished

Notes
Turn   | Place    | Note
-------+----------+-------------------------------------------
     0 | D:1      | hquester the Troll Fighter began the quest for the Orb.
     0 | D:1      | Reached XP level 1. HP: 22/22 MP: 0/0
   203 | D:1      | Found a faded altar of an unknown god.
   243 | D:1      | Reached XP level 2. HP: 29/29 MP: 1/1
   669 | D:2      | Reached XP level 3. HP: 30/36 MP: 2/2
  1451 | D:3      | Found a sparkling altar of Nemelex Xobeh.
  1540 | D:3      | Noticed Ijyb
  1555 | D:3      | Killed Ijyb
  1556 | D:3      | Reached XP level 4. HP: 45/45 MP: 3/3
  1595 | D:3      | Found a glowing drain.
  1611 | Sewer    | Entered a sewer
  1715 | Sewer    | Found a burning altar of Makhleb.
  1738 | Sewer    | Reached XP level 5. HP: 50/53 MP: 4/4
  1767 | Sewer    | Noticed Grinder
  1801 | Sewer    | Paralysed by Grinder for 2 turns
  1805 | Sewer    | Killed Grinder
  1806 | Sewer    | Reached XP level 6. HP: 51/62 MP: 5/5
  2086 | D:3      | Reached XP level 7. HP: 59/71 MP: 6/6
  2422 | D:3      | Found Ydidyn's Antique Armour Shoppe.
  3347 | D:3      | Identified a scroll of acquirement
  3347 | D:3      | Acquired a manual of Shields
  3417 | D:5      | Entered Level 5 of the Dungeon
  3419 | D:5      | Found a staircase to the Ecumenical Temple.
  3448 | Temple   | Entered the Ecumenical Temple
  3645 | D:5      | Noticed Pikel
  3721 | D:5      | HP: 3/71 [Pikel/+2 whip of freezing (6)]
  3721 | D:5      | Slain by Pikel

Illustrated notes

Levels and vault maps discovered:
D:1:      eino_arrival_water_cross, layout_loops_ring, basic_ecumenical_altar
D:2:      layout_loops_cross
D:3:      layout_basic, mainiacjoe_overflow_alcove_2,
          cheibrodos_sewer_entry_sluice, serial_shops,
          nicolae_shop_competitors_out_of_business, uniq_ijyb
D:4:      layout_basic, minivault_24
D:5:      layout_basic, minmay_temple_entry_grid, serial_undead,
          serial_undead_d, serial_undead_e, serial_undead_f, serial_undead_a,
          serial_bayou_lake_a, uniq_pikel, uniq_menkaure
Temple:   regret_index_temple_sphere_string

Skill      XL: |  1  2  3  4  5  6 |
---------------+-------------------+-----
Maces & Flails | 2 3 |  3.7
Shields        | 3 4 |  4.3
Fighting       | 3 4 |  4.9
Dodging        | 3 |  3.9

Action                   |  1- 3 |  4- 6 |  7- 9 || total
-------------------------+-------+-------+-------++-------
Melee: Flail             |   117 |   166 |   130 ||   413
  Use: Scroll            |       |       |    15 ||    15
       Potion            |       |       |     1 ||     1
Armor: Robe              |    24 |   158 |    42 ||   224
Dodge: Dodged            |    36 |   103 |    49 ||   188
Block: Kite shield       |    51 |    94 |    53 ||   198

Table legend: (Time is in decaauts)
 A = Elapsed time spent in this place.
 B = Non-inter-level travel time spent in this place.
 C = Inter-level travel time spent in this place.
 D = Time resting spent in this place.
 E = Time spent auto-exploring this place.
 F = Levels seen in this place.
 G = Mean time per level.
                   A        B        C        D        E       F      G
               +--------+--------+--------+--------+--------+-----+--------+
         Total |   3893 |   3702 |    191 |     32 |   2208 |   7 |  556.1 |
       Dungeon |   3221 |   3075 |    146 |     32 |   1974 |   5 |  644.2 |
        Temple |    191 |    146 |     45 |      0 |    117 |   1 |  191.0 |
         Sewer |    480 |    480 |      0 |      0 |    116 |   1 |  480.0 |
               +--------+--------+--------+--------+--------+-----+--------+

Top non-repeatable levels by time:
     D:3: 1008 daAuts
     D:4: 791 daAuts
     D:1: 650 daAuts
     D:2: 634 daAuts
   Sewer: 480 daAuts
  Temple: 191 daAuts
     D:5: 136 daAuts
